 Dungeon Crawl Stone Soup version 0.26-a0-1060-g086102a3f0 (webtiles) character file.

Game seed: 1256186979431502677

64 Deeps the Grave Robber (level 3, 0/19 HPs)
             Began as a Deep Elf Necromancer on Dec 13, 2020.
             Slain by Terence
             ... wielding a +0 morningstar
              (12 damage)
             ... on level 2 of the Dungeon.
             The game lasted 00:06:23 (2158 turns).

Deeps the Grave Robber (Deep Elf Necromancer)       Turns: 2158, Time: 00:06:24

Health: 0/19       AC:  5    Str:  5    XL:     3   Next: 91%
Magic:  2/10       EV:  9    Int: 20    God:
Gold:   82         SH:  0    Dex: 15    Spells: 8/10 levels left

rFire    . . .     SeeInvis +   g - +1 dagger (speed)
rCold    . . .     Faith    .   (no shield)
rNeg     . . .     Spirit   .   e - +0 ring mail
rPois    .         Reflect  .   (no helmet)
rElec    .         Harm     .   (no cloak)
rCorr    .         Rampage  .   (no gloves)
Will     .....                  (no boots)
Stlth    +.........             l - amulet of regeneration
HPRegen  0.46/turn              h - ring of see invisible
MPRegen  0.12/turn              (no ring)

@: no status effects
A: no striking features
a: no special abilities


You were on level 2 of the Dungeon.
You visited 1 branch of the dungeon, and saw 2 of its levels.

You collected 82 gold pieces.

Inventory:

Hand Weapons
 g - a +1 dagger of speed (weapon)
Armour
 a - a +0 robe
 e - a +0 ring mail (worn)
Jewellery
 h - a ring of see invisible (left hand)
 l - an amulet of regeneration (around neck)
Scrolls
 f - a scroll of immolation {unknown}
 n - a scroll of identify {unknown}
Potions
 b - a potion of heal wounds {unknown}
 c - a potion of might {unknown}
 d - a potion of brilliance {unknown}
 i - a potion of curing {unknown}
 j - a potion of flight {unknown}
 k - a potion of ambrosia {unknown}
 m - a potion of cancellation {unknown}


   Skills:
 + Level 0.1 Fighting
 + Level 0.3 Short Blades
 + Level 0.6 Armour
 - Level 2.4 Dodging
 - Level 2.4 Stealth
 + Level 4.0 Spellcasting
 + Level 5.9 Necromancy


You had 8 spell levels left.
You knew the following spells:

 Your Spells              Type           Power        Failure   Level
a - Pain                  Necr           ####         5%          1
b - Animate Skeleton      Necr           ####..       5%          1

Your spell library contained the following spells:

 Spells                   Type           Power        Failure   Level
 Vampiric Draining        Necr           ####......   16%         3
 Animate Dead             Necr           ####......   45%         4
 Agony                    Necr           ####....     82%         5


Dungeon Overview and Level Annotations

Branches:
Dungeon (2/15)

Altars:

Annotations:
D:2 Terence


Message History

Terence hits you but does no damage.
Your quokka skeleton bites Terence but does no damage.
You hit Terence but do no damage.
Terence is heavily wounded.
You closely miss Terence.
Terence is heavily wounded.
Terence closely misses you.
Your quokka skeleton barely misses Terence.
You hit Terence but do no damage.
Terence is heavily wounded.
Your quokka skeleton barely misses Terence.
You hit Terence but do no damage.
Terence is heavily wounded.
Terence hits you but does no damage.
You hit Terence but do no damage.
Terence is heavily wounded.
Your quokka skeleton barely misses Terence.
Terence hits you with a +0 morningstar!
Ouch! That really hurt!
You die...

##.♣... #..♣...###
#........# #........#
.# #........# #.#
#...†....# #.# ###..
#......[.## #.# #.....
#....†.@..###.###....#
#......@Z..##......<##
#########........?...##
###...........
##..........
##....#.##. ##..#.†..#
##...#.#.#####>
##...............


You could see Terence and a friendly quokka skeleton.

Vanquished Creatures
  An adder (D:2)
  4 dart slugs
  2 leopard geckos
  9 hobgoblins (D:1)
  3 kobolds
  A quokka (D:2)
  A ball python (D:1)
  6 bats
  3 frilled lizards
  6 goblins
  2 rats (D:1)
38 creatures vanquished.

Vanquished Creatures (collateral kills)
  A goblin (D:2)
  A bat (D:1)
2 creatures vanquished.

Grand Total: 40 creatures vanquished

Notes
Turn   | Place    | Note
-------+----------+-------------------------------------------
     0 | D:1      | Deeps the Deep Elf Necromancer began the quest for the Orb.
     0 | D:1      | Reached XP level 1. HP: 10/10 MP: 6/6
     5 | D:1      | Learned a level 1 spell: Animate Skeleton
   141 | D:1      | Reached skill level 5 in Necromancy
   253 | D:1      | Reached XP level 2. HP: 6/15 MP: 0/8
  1143 | D:1      | Reached XP level 3. HP: 15/19 MP: 6/10
  2133 | D:2      | Noticed Terence
  2158 | D:2      | Slain by Terence

Illustrated notes

Levels and vault maps discovered:
D:1:      dpeg_arrival_stonehenge_8_columns, layout_loops_corners,
          corexii_item_surrounded_by_moat, minmay_pentomino_x2
D:2:      layout_rooms, yredelemnul_altar_generic, okawaru_altar_gauntlet_db,
          chequers_mini_garden, uniq_terence

Skill      XL: |  1  2  3 |
---------------+----------+-----
Necromancy     | 5 |  5.9
Spellcasting   | 4 |  4.0
Fighting       | |  0.1
Short Blades   | |  0.3
Armour         | |  0.6
Dodging        | |  2.4
Stealth        | |  2.4

Action                   || total
-------------------------++-------
Melee: Unarmed           ||     4
       Dagger            ||   112
 Cast: Pain              ||    46
       Animate Skeleton  ||     5
 Stab: Sleeping          ||     2
       Distracted        ||     1
Armor: Robe              ||     1
       Ring mail         ||    33
Dodge: Dodged            ||    48

Table legend: (Time is in decaauts)
 A = Elapsed time spent in this place.
 B = Non-inter-level travel time spent in this place.
 C = Inter-level travel time spent in this place.
 D = Time resting spent in this place.
 E = Time spent auto-exploring this place.
 F = Levels seen in this place.
 G = Mean time per level.
                   A        B        C        D        E       F      G
               +--------+--------+--------+--------+--------+-----+--------+
         Total |   2119 |   2074 |     45 |    235 |   1545 |   2 | 1059.5 |
       Dungeon |   2119 |   2074 |     45 |    235 |   1545 |   2 | 1059.5 |
               +--------+--------+--------+--------+--------+-----+--------+

Top non-repeatable levels by time:
     D:1: 2013 daAuts
     D:2: 106 daAuts
